 Dungeon Crawl Stone Soup version 0.22-a0-480-g991dd4b (webtiles) character file.

32 Darkshadow the Chopper (level 3, -2/31 HPs)
             Began as a Hill Orc Monk on June 16, 2018.
             Slain by a kobold
             ... wielding a +0 short sword
              (4 damage)
             ... on level 2 of the Dungeon.
             The game lasted 00:06:13 (2054 turns).

Darkshadow the Chopper (Hill Orc Monk)              Turns: 2054, Time: 00:06:13

Health: -2/31      AC:  2    Str: 14    XL:     3   Next: 27%
Magic:  3/3        EV: 13    Int: 10    God:
Gold:   39         SH:  0    Dex: 13    Spells: 2/2 levels left

rFire    . . .     SeeInvis .   a - +0 hand axe
rCold    . . .     Gourm    .   (no shield)
rNeg     . . .     Faith    .   b - +0 robe
rPois    .         Spirit   .   (no helmet)
rElec    .         Reflect  .   (no cloak)
rCorr    .         Harm     .   (no gloves)
MR       .....                  (no boots)
Stlth    ++........             (no amulet)
HPRegen  0.10/turn              (no ring)
MPRegen  0.08/turn              (no ring)

@: no status effects
A: no striking features
a: no special abilities


You were on level 2 of the Dungeon.
You were hungry.

You visited 1 branch of the dungeon, and saw 2 of its levels.

You collected 39 gold pieces.

Inventory:

Hand Weapons
 a - a +0 hand axe (weapon)
Missiles
 e - 31 stones (quivered)
Armour
 b - a +0 robe (worn)
 g - a +0 chain mail
 k - a +0 pair of gloves
Scrolls
 d - a scroll of noise {unknown}
 i - a scroll of teleportation {unknown}
 m - a scroll of remove curse {unknown}
 n - a scroll of identify {unknown}
Potions
 f - a potion of degeneration {unknown}
 h - 2 potions of mutation {unknown}
 j - 2 potions of haste {unknown}
 l - a potion of invisibility {unknown}
Comestibles
 c - 2 rations


   Skills:
 - Level 3.6 Fighting
 * Level 5.7 Axes
 - Level 2.4 Dodging
 - Level 1.6 Stealth


You had 2 spell levels left.
You didn't know any spells.
Your spell library was empty.

Dungeon Overview and Level Annotations

Branches:
Dungeon (2/15)

Altars:


Message History

* * * LOW HITPOINT WARNING * * *
The kobold hits you but does no damage.
Found a gold piece.
You barely miss the kobold. The kobold hits you with a short sword.
* * * LOW HITPOINT WARNING * * *
Found a scroll labeled ELIPEY JAMMIAP and a leatherbound book.
You hit the kobold but do no damage. The kobold misses you.
The kobold hits you with a short sword.
* * * LOW HITPOINT WARNING * * *
You hit the kobold.
You kill the kobold!
You hit the kobold but do no damage.
You are feeling hungry.
The kobold barely misses you.
You miss the kobold.
The kobold is heavily wounded.
You closely miss the kobold. The kobold barely misses you.
The kobold hits you with a short sword.
You die...

#.# ## #... ... .
.. ... #..# #.#
.##$### .:. #..#
#.# .... .. .... #
#..# #.# #..
.#..... #.##.>#
#.###.# .#.?.
......###.##..# ...
#....$....##..###.#
####..(......w.K@.#
#####.(#####K###
#..# #.# #..# #.#
#... ..# ..... ...
###.####### #.#


You could see a worm and 2 kobolds.

Vanquished Creatures
  2 oozes (D:1)
  2 dart slugs (D:1)
  3 giant cockroaches (D:1)
  A goblin (D:1)
  3 hobgoblins (D:1)
  2 bats (D:1)
  A frilled lizard (D:1)
  3 kobolds
  3 rats (D:1)
20 creatures vanquished.

Notes
Turn   | Place    | Note
-------+----------+-------------------------------------------
     0 | D:1      | Darkshadow the Hill Orc Monk began the quest for the Orb.
     0 | D:1      | Reached XP level 1. HP: 19/19 MP: 1/1
   457 | D:1      | Reached XP level 2. HP: 3/26 MP: 2/2
   946 | D:1      | Reached skill level 5 in Axes
  1202 | D:1      | Reached XP level 3. HP: 31/31 MP: 3/3
  2054 | D:2      | Slain by a kobold

Vault maps used:
D:1:      dpeg_arrival_rooms_b
D:2:      uniq_sigmund

Skill      XL: |  1  2 |
---------------+-------+-----
Axes           | 5 |  5.7
Fighting       | |  3.6
Dodging        | |  2.4
Stealth        | |  1.6

Action                   || total
-------------------------++-------
Melee: Hand axe          ||    73
Throw: Stone             ||    32
  Eat: Chunk             ||     3
Armor: Robe              ||    12
Dodge: Dodged            ||    49

Table legend:
 A = Spawn XP
 B = Non-spawn XP
 C = Spawn XP percentage of total XP
 D = Spawn monster count
 E = Non-spawn monster count
 F = Spawn count percentage of total count
 G = Total turns spent on level
                    A         B        C        D         E        F      G
               +---------+---------+-------+---------+---------+-------+---------
         Total |       0 |      47 |   0.0 |       0 |      20 |   0.0 |  2054
               +---------+---------+-------+---------+---------+-------+---------
           D:1 |       0 |      46 |   0.0 |       0 |      19 |   0.0 |  1953
           D:2 |       0 |       1 |   0.0 |       0 |       1 |   0.0 |   101
               +---------+---------+-------+---------+---------+-------+---------
